 Dungeon Crawl Stone Soup version 0.25-a0-404-gc1b5a34292 (webtiles) character file.

Game seed: 463374689168169256, levelgen mode: deterministic

217 DeadFury222 the Chopper (level 5, -4/47 HPs)
             Began as a Hill Orc Fighter on Jan 10, 2020.
             Slain by an ogre
             ... wielding a +0 giant spiked club
              (12 damage)
             ... on level 3 of the Dungeon.
             The game lasted 00:05:59 (2833 turns).

DeadFury222 the Chopper (Hill Orc Fighter)          Turns: 2833, Time: 00:05:59

Health: -4/47      AC:  8    Str: 20    XL:     5   Next: 94%
Magic:  5/5        EV:  7    Int:  8    God:
Gold:   183        SH:  9    Dex: 10    Spells: 4/4 levels left

rFire    . . .     SeeInvis .   a - +0 war axe
rCold    . . .     Gourm    .   c - +0 shield
rNeg     . . .     Faith    .   b - +0 scale mail
rPois    .         Spirit   .   l - +0 helmet
rElec    .         Reflect  .   (no cloak)
rCorr    .         Harm     .   (no gloves)
MR       .....                  (no boots)
Stlth    ..........             (no amulet)
HPRegen  0.15/turn              (no ring)
MPRegen  0.09/turn              (no ring)

@: no status effects
A: no striking features
a: no special abilities


You were on level 3 of the Dungeon.
You were not hungry.

You visited 1 branch of the dungeon, and saw 4 of its levels.

You collected 183 gold pieces.

Inventory:

Hand Weapons
 a - a +0 war axe (weapon)
Missiles
 n - 70 stones (quivered)
Armour
 b - a +0 scale mail (worn)
 c - a +0 shield (worn)
 l - a +0 helmet (worn)
Jewellery
 j - an uncursed ring of resist corrosion {unknown}
 o - an uncursed ring of flight {unknown}
 v - an uncursed ring of wizardry {unknown}
Scrolls
 h - a scroll of identify {unknown}
 i - 2 scrolls of remove curse {unknown}
 k - 3 scrolls of amnesia {unknown}
 m - a scroll of teleportation {unknown}
 p - a scroll of fear {unknown}
 r - 2 scrolls of blinking {unknown}
 s - a scroll of fog {unknown}
 t - a scroll of enchant armour {unknown}
 u - 2 scrolls of magic mapping {unknown}
Potions
 d - 2 potions of might
 e - 2 potions of curing {unknown}
 g - 2 potions of brilliance {unknown}
 q - a potion of agility {unknown}
Comestibles
 f - 8 rations


   Skills:
 + Level 4.7 Fighting
 * Level 5.3 Axes
 + Level 4.2 Armour
 + Level 4.2 Shields


You had 4 spell levels left.
You didn't know any spells.
Your spell library was empty.

Dungeon Overview and Level Annotations

Branches:
Dungeon (4/15)
 Temple: D:4-7

Altars:


Message History

You are too injured to fight recklessly!
You are too injured to fight recklessly!
You are too injured to fight recklessly!
You are too injured to fight recklessly!
You are too injured to fight recklessly!
You are too injured to fight recklessly!
You are too injured to fight recklessly!
You are too injured to fight recklessly!
You are too injured to fight recklessly!
You are too injured to fight recklessly!
You are too injured to fight recklessly!
You are too injured to fight recklessly!
You are too injured to fight recklessly!
You are too injured to fight recklessly!
You are too injured to fight recklessly!
You hit the ogre.
The ogre is almost dead.
You slash the ogre! You block the ogre's attack.
The ogre hits you with a +0 giant spiked club!
You die...

.........'.#.#.########.#########
##.......###..[.................#
##....)).# ##.......###.........#
##.....).####.....).# #.......<.#
##..........'.......# #.........#
##.......####.......# #.........#
##.......# #.......# #.........#
#.......# #....O..# #.........#
#######.# #...@...####....#####
########.# #..O....#..'.........
.........# ####...##.##....#####
########## #...##.#######
######.# #####.# # #.....###### #
#..........# # #..........#


You could see 2 ogres.

Vanquished Creatures
  2 orc wizards
  An iguana (D:3)
  A worker ant (D:3)
  3 adders
  2 oozes
  3 worms (D:3)
  2 leopard geckos (D:3)
  9 orcs
  7 bats
  A giant cockroach (D:2)
  9 goblins
  4 hobgoblins
  4 jackals (D:1)
  A ball python (D:3)
  3 frilled lizards
  5 kobolds
  6 rats
63 creatures vanquished.

Notes
Turn   | Place    | Note
-------+----------+-------------------------------------------
     0 | D:1      | DeadFury222 the Hill Orc Fighter began the quest for the
                  | Orb.
     0 | D:1      | Reached XP level 1. HP: 19/19 MP: 1/1
   146 | D:1      | Reached skill level 3 in Axes
   189 | D:1      | Reached XP level 2. HP: 27/27 MP: 2/2
   708 | D:2      | Reached XP level 3. HP: 24/33 MP: 3/3
   708 | D:2      | Reached skill level 4 in Axes
   989 | D:2      | Found a faded altar of an unknown god.
  1008 | D:2      | Reached XP level 4. HP: 40/40 MP: 4/4
  1980 | D:3      | Reached XP level 5. HP: 27/47 MP: 5/5
  2160 | D:3      | Reached skill level 5 in Axes
  2681 | D:4      | Noticed an ogre
  2681 | D:4      | Noticed an ogre
  2833 | D:3      | Slain by an ogre

Levels and vault maps discovered:
D:1:      lightli_iron_boxes, layout_basic
D:2:      layout_basic, chequers_ecumenical_altar_simple_redux
D:3:      layout_basic, kennysheep_generic_room_8
D:4:      layout_cave_pods, first_ration

Skill      XL: |  1  2  3  4  5 |
---------------+----------------+-----
Axes           | 3 4 5 |  5.3
Fighting       | 4 |  4.7
Armour         | 4 |  4.2
Shields        | 4 |  4.2

Action                   |  1- 3 |  4- 6 || total
-------------------------+-------+-------++-------
Melee: War axe           |    58 |   134 ||   192
 Stab: Distracted        |     1 |       ||     1
  Eat: Chunk             |       |     6 ||     6
Armor: Scale mail        |    31 |    54 ||    85
Dodge: Dodged            |    15 |    49 ||    64
Block: Shield            |    41 |    76 ||   117

Table legend:
 A = Non-vault XP
 B = Vault XP
 C = Vault XP percentage of total XP
 D = Non-vault monster count
 E = Vault monster count
 F = Vault count percentage of total count
                 A         B        C        D         E       F
            +---------+---------+-------+---------+---------+-------
      Total |     311 |       0 |   0.0 |      63 |       0 |   0.0
            +---------+---------+-------+---------+---------+-------
        D:1 |      18 |       0 |   0.0 |      10 |       0 |   0.0
        D:2 |      85 |       0 |   0.0 |      16 |       0 |   0.0
        D:3 |     208 |       0 |   0.0 |      37 |       0 |   0.0
            +---------+---------+-------+---------+---------+-------
